 Dungeon Crawl Stone Soup version 0.22-a0-776-ge6d7efa (webtiles) character file.

61 corax the Magician (level 3, -2/24 HPs)
             Began as a Mummy Fire Elementalist on July 18, 2018.
             Slain by a gnoll
             ... wielding a +0 spear
              (6 damage)
             ... on level 2 of the Dungeon.
             The game lasted 00:10:37 (2697 turns).

corax the Magician (Mummy Fire Elementalist)        Turns: 2697, Time: 00:10:37

Health: -2/24      AC:  2    Str: 11    XL:     3   Next: 83%
Magic:  0/7        EV: 12    Int: 15    God:
Gold:   38         SH:  0    Dex: 12    Spells: 5/8 levels left

rFire    x . .     SeeInvis .   (no weapon)
rCold    + . .     Gourm    .   (no shield)
rNeg     + + +     Faith    .   a - +0 robe
rPois    ∞         Spirit   .   (no helmet)
rElec    .         Reflect  .   (no cloak)
rCorr    .         Harm     .   (no gloves)
MR       .....                  (no boots)
Stlth    ++........             (no amulet)
HPRegen  0.08/turn              (no ring)
MPRegen  0.10/turn              (no ring)

@: very slightly contaminated
A: no food or potions, fire vulnerability, cold resistance 1, negative energy
resistance 3, torment resistance, unbreathing
a: no special abilities


You were on level 2 of the Dungeon.
You were not hungry.

You visited 1 branch of the dungeon, and saw 3 of its levels.

You collected 38 gold pieces.

Inventory:

Armour
 a - a +0 robe (worn)
Scrolls
 b - 2 scrolls of noise {unknown}
 c - a scroll of identify {unknown}
 d - a scroll of teleportation {unknown}
 e - a scroll of random uselessness {unknown}
 f - a scroll of magic mapping {unknown}
 g - 2 scrolls of remove curse {unknown}


   Skills:
 + Level 2.0 Dodging
 + Level 2.1 Stealth
 + Level 3.3 Spellcasting
 + Level 1.4 Conjurations
 + Level 2.8 Fire Magic


You had 5 spell levels left.
You knew the following spells:

 Your Spells              Type           Power        Failure   Level  Hunger
a - Flame Tongue          Conj/Fire      #....        9%          1    N/A
b - Throw Flame           Conj/Fire      #.....       12%         2    N/A

Your spell library contained the following spells:

 Spells                   Type           Power        Failure   Level  Hunger
 Fireball                 Conj/Fire      #.........   92%         5    N/A
 Conjure Flame            Conj/Fire      #.......     24%         3    N/A
 Sticky Flame             Conj/Fire      #.......     63%         4    N/A
 Inner Flame              Hex/Fire       #.......     32%         3    N/A

Dungeon Overview and Level Annotations

Branches:
Dungeon (3/15)

Altars:
Dithmenos
Sif Muna
Wu Jian


Innate Abilities, Weirdness & Mutations

You do not eat or drink.
Your flesh is vulnerable to fire.
You are immune to poison.
Your flesh is cold resistant. (rC+)
You are immune to negative energy. (rN+++)
You are immune to unholy pain and torment.
You can survive without breathing.


Message History

The flame tongue hits the gnoll.
The gnoll is severely wounded.
The gnoll misses you.
Casting: Flame Tongue (safe; 9% risk of failure)
Confirm with . or Enter, or press ? or * to list all spells.
Aiming: Flame Tongue (safe; 9% risk of failure)
Press: ? - help, Shift-Dir - straight line, f/p - gnoll
Aim: a gnoll, wielding a spear (severely wounded)
The flame tongue misses the gnoll.
The gnoll hits you from afar with a spear!
Casting: Flame Tongue (safe; 9% risk of failure)
Confirm with . or Enter, or press ? or * to list all spells.
Aiming: Flame Tongue (safe; 9% risk of failure)
Press: ? - help, Shift-Dir - straight line, f/p - gnoll
Aim: a gnoll, wielding a spear (severely wounded)
The flame tongue misses the gnoll.
The gnoll hits you from afar with a spear!
* * * LOW HITPOINT WARNING * * *
The gnoll hits you from afar with a spear.
You die...

#8...'.###.#
##_.≈### #.#
#.#######g#
####.o....#
#.#.#######
#.#....#
#.####.# #.#
#.#
#@####.##
#.)g....#
#########


You could see a gnoll.

Vanquished Creatures
  A worm (D:2)
  A leopard gecko (D:2)
  An orc (D:2)
  5 giant cockroaches
  6 goblins
  5 hobgoblins
  6 jackals
  A quokka (D:2)
  A ball python (D:1)
  6 bats
  3 frilled lizards
  10 kobolds
  4 rats
50 creatures vanquished.

Notes
Turn   | Place    | Note
-------+----------+-------------------------------------------
     0 | D:1      | corax the Mummy Fire Elementalist began the quest for the Orb.
     0 | D:1      | Reached XP level 1. HP: 13/13 MP: 4/4
   241 | D:1      | Reached XP level 2. HP: 19/19 MP: 3/5
   334 | D:1      | Reached skill level 1 in Conjurations
   358 | D:1      | Reached skill level 3 in Spellcasting
   954 | D:1      | Reached XP level 3. HP: 23/24 MP: 5/7
  2181 | D:2      | Found a deep blue altar of Sif Muna.
  2506 | D:2      | Learned a level 2 spell: Throw Flame
  2616 | D:2      | Found a shadowy altar of Dithmenos.
  2617 | D:2      | Found an ornate altar of the Wu Jian Council.
  2697 | D:2      | Slain by a gnoll

Vault maps used:
D:1:      dpeg_arrival_shelter, minmay_bisected
D:2:      gammafunk_temple_overflow_statue, lemuel_crystal_altar, first_ration

Skill      XL: |  1  2  3 |
---------------+----------+-----
Conjurations   | 1 |  1.4
Spellcasting   | 3 |  3.3
Stealth        | 2 |  2.1
Dodging        | 2 |  2.0
Fire Magic     | |  2.8

Action                   || total
-------------------------++-------
Melee: Unarmed           ||    12
 Cast: Flame Tongue      ||   100
Armor: Robe              ||    17
Dodge: Dodged            ||    46

Table legend:
 A = Spawn XP
 B = Non-spawn XP
 C = Spawn XP percentage of total XP
 D = Spawn monster count
 E = Non-spawn monster count
 F = Spawn count percentage of total count
 G = Total turns spent on level
                    A         B        C        D         E        F      G
               +---------+---------+-------+---------+---------+-------+---------
         Total |       0 |      88 |   0.0 |       0 |      50 |   0.0 |  2697
               +---------+---------+-------+---------+---------+-------+---------
           D:1 |       0 |      52 |   0.0 |       0 |      32 |   0.0 |  1803
           D:2 |       0 |      36 |   0.0 |       0 |      18 |   0.0 |   892
               +---------+---------+-------+---------+---------+-------+---------
